 Dungeon Crawl Stone Soup version 0.29-a0-319-gad05b8d819 (webtiles) character file.

Game seed: 3456679024735672522

56 Flugslaktarn the Vexing (level 3, -12/28 HPs)
             Began as a Palentonga Enchanter on Apr 2, 2022.
             Mangled by Crazy Yiuf
             ... wielding a +2 quarterstaff of chaos
              (17 damage)
             ... on level 3 of the Dungeon.
             The game lasted 00:04:03 (485 turns).

Flugslaktarn the Vexing (Palentonga Enchanter)       Turns: 485, Time: 00:04:03

Health: -12/28     AC:  4    Str: 11    XL:     3   Next: 71%
Magic:  4/6        EV:  9    Int: 17    God:
Gold:   51         SH:  0    Dex: 10    Spells: 4/6 levels left

rFire   . . .      SeeInvis +   a - +1 dagger
rCold   . . .      Faith    .   (no shield)
rNeg    . . .      Spirit   .   b - +0 robe
rPois   .          Reflect  .   (no helmet)
rElec   .          Harm     .   (no cloak)
rCorr   .          Rampage  .   (no gloves)
Will    .....                   (no barding)
Stlth   ++........              (no amulet)
HPRegen 0.09/turn               (no ring)
MPRegen 0.10/turn               (no ring)

@: lethally poisoned (-12 -> -20)
A: large, rugged brown scales 3, see invisible, deformed body, roll 1, armoured
tail
a: Rolling Charge


You were on level 3 of the Dungeon.
You visited 1 branch of the dungeon, and saw 3 of its levels.

You collected 51 gold pieces.

Inventory:

Hand Weapons
 a - a +1 dagger (weapon)
 g - a +1 long sword of draining
   (You found it on level 1 of the Dungeon)
Armour
 b - a +0 robe (worn)
Scrolls
 d - a scroll of torment {unknown}
 i - a scroll of noise
Potions
 c - a potion of invisibility
 e - a potion of magic
 f - a potion of heal wounds {unknown}
 h - a potion of mutation {unknown}
 j - a potion of curing {unknown}


   Skills:
 + Level 2.0 Fighting
 - Level 1.0 Short Blades
 + Level 0.0(0.4) Long Blades
 - Level 1.5 Dodging
 - Level 2.0 Stealth
 - Level 2.0 Spellcasting
 + Level 3.5 Hexes
 + Level 1.3 Ice Magic


You had 4 spell levels left.
You knew the following spells:

 Your Spells              Type           Power      Damage    Failure   Level
a - Ensorcelled Hibernat  Hex/Ice        20%        N/A       11%         2

Your spell library contained the following spells:

 Spells                   Type           Power      Damage    Failure   Level
 Confusing Touch          Hex            13%        N/A       13%         3
 Tukima's Dance           Hex            13%        N/A       13%         3
 Dazzling Flash           Conj/Hex       14%        N/A       28%         3


Dungeon Overview and Level Annotations

Branches:
Dungeon (3/15)

Altars:

Annotations:
D:3 Crazy Yiuf


Innate Abilities, Weirdness & Mutations

You are completely covered in rugged brown scales. (AC +3, +7% HP)
You have supernaturally acute eyesight. (SInv)
Armour fits poorly on your strangely shaped body.
You can roll at nearby foes to attack.
You have a long armoured tail.


Message History

Okay, then.
As you read the scroll labelled ZUQAECK VISEM, it crumbles to dust.
It is a scroll of identify.
e - a potion of magic;
r - a scroll of identify
As you read the scroll of identify, it crumbles to dust.
i - a scroll of noise You aren't carrying any pieces of jewellery.
Unknown command.
Found a scroll labelled DELIJAILUIH.
Unknown command.
Unknown command.
Unknown command.
Unknown command.
Unknown command.
Unknown command.
Unknown command.
Unknown command.
You aren't carrying any pieces of jewellery.
Unknown command.
Found a silvery potion.
d - a scroll labelled DELIJAILUIH
j - a silvery potion A kobold comes into view.
It is wielding a +0 dagger.
The helpless kobold fails to defend itself.
You puncture the kobold!
You kill the kobold!
Things that are here:
a +0 dagger; a stone; a kobold corpse A kobold comes into view.
It is wielding a +0 short sword.
You hit the kobold but do no damage.
The kobold hits you with a +0 short sword.
You barely miss the kobold.
The kobold hits you with a +0 short sword.
You hit the kobold.
You kill the kobold!
Things that are here:
a +0 short sword; 2 stones You completely miss the fungus.
You hit the fungus.
The fungus begins to die.
The fungus is lightly damaged.
You hit the fungus.
The fungus is lightly damaged.
A nearby fungus withers and dies.
You hit the fungus.
The fungus begins to die.
You tail-slap the fungus.
The fungus is lightly damaged.
You hit the fungus.
The fungus is lightly damaged.
You hit the fungus.
The fungus is lightly damaged.
You hit the fungus.
The fungus is lightly damaged.
You hit the fungus. You tail-slap the fungus.
The fungus is lightly damaged.
A nearby fungus withers and dies.
Found a mace.
Found a runed translucent door.
Crazy Yiuf shouts!
Press: ? - help, v - describe, . - travel
Here: Crazy Yiuf, wielding a +2 quarterstaff of chaos and wearing a +0 cloak (fire blocked by a runed translucent door)
The floor.
Unknown command.
Casting: Ensorcelled Hibernation (safe; 11% risk of failure)
Confirm with . or Enter, or press ? or * to list all spells.
You can't see any susceptible monsters within range! (Use Z to cast anyway.)
You open the door. You hit Crazy Yiuf.
Crazy Yiuf is lightly wounded.
Crazy Yiuf cries, "You leg down broken song, no?"
Crazy Yiuf hits you with a +2 quarterstaff of chaos!
You are poisoned.
Unknown command.
Unknown command.
Unknown command.
Unknown command.
You aren't carrying any pieces of jewellery.
Unknown command.
Unknown command.
Casting: Ensorcelled Hibernation (safe; 11% risk of failure)
Confirm with . or Enter, or press ? or * to list all spells.
Aiming: Ensorcelled Hibernation (safe; 11% risk of failure)
Press: ? - help, Shift-Dir - straight line, f - Crazy Yiuf
Aim: Crazy Yiuf, wielding a +2 quarterstaff of chaos and wearing a +0 cloak (lightly wounded, chance to affect: 52%)
Okay, then.
Unknown command.
Unknown command.
Casting: Ensorcelled Hibernation (safe; 11% risk of failure)
Confirm with . or Enter, or press ? or * to list all spells.
Aiming: Ensorcelled Hibernation (safe; 11% risk of failure)
Press: ? - help, Shift-Dir - straight line, f - Crazy Yiuf
Aim: Crazy Yiuf, wielding a +2 quarterstaff of chaos and wearing a +0 cloak (lightly wounded, chance to affect: 52%) Crazy Yiuf looks drowsy...
You feel very sick.
The helpless Crazy Yiuf fails to defend himself.
You puncture Crazy Yiuf!
Crazy Yiuf is heavily wounded.
You feel sick.
Crazy Yiuf hits you with a +2 quarterstaff of chaos.
* * * LOW HITPOINT WARNING * * *
You are electrocuted!
Ouch! That really hurt!
You die...

####♣♣ ###
##.#.P♣♣ ♣♣#..)#
#.....P♣♣♣♣@g...#
#....♣..♣..♣#...#
#.##.P.♣.♣♣♣ ###
#.###♣♣♣♣♣ #.#
#.# #.# #)#
#.#####.#


You could see Crazy Yiuf.

Vanquished Creatures
  2 adders
  A dart slug (D:1)
  4 ball pythons (D:1)
  2 bats (D:1)
  2 endoplasms
  3 giant cockroaches
  3 goblins
  4 hobgoblins
  2 quokkas (D:2)
  7 kobolds
30 creatures vanquished.

Vanquished Creatures (others)
  2 fungi (D:3)
2 creatures vanquished.

Grand Total: 32 creatures vanquished

Notes
Turn   | Place    | Note
-------+----------+-------------------------------------------
     0 | D:1      | Flugslaktarn the Palentonga Enchanter began the quest for
                  | the Orb.
     0 | D:1      | Reached XP level 1. HP: 13/13 MP: 3/3
    72 | D:2      | Reached skill level 1 in Fighting
    76 | D:2      | Reached XP level 2. HP: 14/23 MP: 5/5
    79 | D:2      | Learned a level 2 spell: Ensorcelled Hibernation
   198 | D:1      | Reached XP level 3. HP: 15/28 MP: 1/6
   250 | D:1      | Reached skill level 1 in Ice Magic
   478 | D:3      | Found a runed translucent door.
   479 | D:3      | Noticed Crazy Yiuf
   485 | D:3      | Mangled by Crazy Yiuf

Illustrated notes

Levels and vault maps discovered:
D:1:      ncdulo_smallfort, layout_basic
D:2:      layout_basic
D:3:      layout_loops_cross, lemuel_doored_altar, uniq_crazy_yiuf_cottage

Skill      XL: |  1  2  3 |
---------------+----------+-----
Fighting       | 2 |  2.0
Ice Magic      | 1 |  1.3
Short Blades   | |  1.0
Dodging        | |  1.5
Stealth        | |  2.0
Spellcasting   | |  2.0
Hexes          | |  3.5

Action                   || total
-------------------------++-------
Melee: Dagger            ||    92
       Tailslap          ||     9
       Punch             ||     1
 Cast: Ensorcelled Hiber ||    12
 Abil: Rolling Charge    ||     5
  Use: Potion            ||     1
       Scroll            ||     2
 Stab: Sleeping          ||    11
       Invisible         ||     1
Armor: Robe              ||    23
Dodge: Dodged            ||    41

Table legend: (Time is in decaauts)
 A = Elapsed time spent in this place.
 B = Non-inter-level travel time spent in this place.
 C = Inter-level travel time spent in this place.
 D = Time resting spent in this place.
 E = Time spent auto-exploring this place.
 F = Levels seen in this place.
 G = Mean time per level.
                   A        B        C        D        E       F      G
               +--------+--------+--------+--------+--------+-----+--------+
         Total |    480 |    480 |      0 |      0 |      0 |   3 |  160.0 |
       Dungeon |    480 |    480 |      0 |      0 |      0 |   3 |  160.0 |
               +--------+--------+--------+--------+--------+-----+--------+

Top non-repeatable levels by time:
     D:1: 234 daAuts
     D:2: 136 daAuts
     D:3: 108 daAuts
